 Dungeon Crawl Stone Soup version 0.30.0-10-gfe55d96785 (webtiles) character file.

Game seed: 14624298255275417164

618 RascalDebosk the Magician (level 7, 0/50 HPs)
             Began as a Djinni Air Elementalist on May 14, 2023.
             Slain by an adder (3 damage)
             ... on level 4 of the Dungeon.
             The game lasted 00:21:25 (3349 turns).

RascalDebosk the Magician (Djinni Air Elementalist) Turns: 3349, Time: 00:21:26

Health: 0/50       AC:  3    Str: 18    XL:     7   Next: 74%
Gold:   185        EV: 12    Int: 22    God:
                   SH:  0    Dex: 13

rFire   + + .        p - +4 short sword "Sebad" {freeze, rC- Will+ Str+5 Int+3}
rCold   x x .        (no shield)
rNeg    . . .        k - +0 leather armour
rPois   ∞            (no helmet)
rElec   .            (no cloak)
rCorr   .            (no gloves)
SInv    .            (boots unavailable)
Will    +....        (no amulet)
Stlth   ++           o - +6 ring of strength
HPRegen 0.28/turn    (no ring)
MPRegen 0.00/turn

%: infuse magic (-1 HP)
@: flying
A: sickness immunity, fire resistance 2, cold vulnerability 1, float, innate
caster, HP casting, extra vitality 1
a: no special abilities


You were on level 4 of the Dungeon.
You visited 1 branch of the dungeon, and saw 4 of its levels.

You collected 185 gold pieces.

Inventory:

Hand Weapons
 l - a +0 rapier
 p - the +4 short sword "Sebad" (weapon) {freeze, rC- Will+ Str+5 Int+3}
   (You found it on level 4 of the Dungeon)

   Str:       It affects your strength (+5).
   Int:       It affects your intelligence (+3).
   rC:        It makes you vulnerable to cold.
   Will:      It increases your willpower.
 s - a +1 dagger of venom
Armour
 k - a +0 leather armour (worn)
Jewellery
 o - a +6 ring of strength (left hand)
 q - a +5 ring of evasion
Scrolls
 b - 3 scrolls of noise {unknown}
 c - a scroll of fog {unknown}
 e - 2 scrolls of identify {unknown}
 g - a scroll of magic mapping {unknown}
 j - 2 scrolls of blinking {unknown}
 m - a scroll of enchant armour {unknown}
Potions
 a - a potion of magic {unknown}
 d - a potion of might {unknown}
 f - a potion of attraction {unknown}
 h - 4 potions of curing {unknown}
 i - a potion of flight {unknown}
 n - 3 potions of invisibility {unknown}


   Skills:
 * Level 3.6 Fighting
 + Level 2.0 Armour
 - Level 2.1 Dodging
 - Level 1.5 Stealth
 * Level 5.0 Spellcasting
 + Level 2.3 Evocations


You knew the following spells:

 Your Spells              Type           Power      Damage    Failure   Level
a - Shock                 Conj/Air       100%       1d9       1%          1
b - Static Discharge      Conj/Air       54%        2-5/arc   2%          2
c - Swiftness             Air            27%        N/A       4%          3
d - Airstrike             Air            13%        2d(2-18)  16%         4
e - Sandblast             Erth           54%        2d13      1%          1
f - Call Imp              Summ           54%        N/A       2%          2
g - Ozocubu's Armour      Ice            27%        N/A       4%          3
Your spell library was empty.

Dungeon Overview and Level Annotations

Branches:
Dungeon (4/15)
 Temple: D:4-7

Altars:
Elyvilon

Shops:
D:4 (=


Innate Abilities, Weirdness & Mutations

You are immune to sickness and miasma.
You are immune to poison.
Your flesh is very heat resistant. (rF++)
You are vulnerable to cold. (rC-)
You float through the air rather than walking.
You learn spells naturally, not from books.
Your magical power is your life essence.
You have superior vitality. (+4 MHP)


Message History

Confirm with . or Enter, or press ? or * to list all spells.
Aiming: Shock (safe; 1% risk of failure)
Press: ? - help, Shift-Dir - straight line, f - ball python
Aim: a ball python (asleep, 100% to hit)
The zap hits the ball python.
The ball python is moderately wounded.
The ball python hisses angrily.
Casting: Shock (safe; 1% risk of failure)
Confirm with . or Enter, or press ? or * to list all spells.
Aiming: Shock (safe; 1% risk of failure)
Press: ? - help, Shift-Dir - straight line, f/p - ball python
Aim: a ball python (moderately wounded, 71% to hit)
The zap hits the ball python.
You kill the ball python!
A kobold comes into view. It is wielding a +0 short sword.
A kobold is nearby!
Found a lightning rod (4/4).
The kobold shouts!
Casting: Shock (safe; 1% risk of failure)
Confirm with . or Enter, or press ? or * to list all spells.
Aiming: Shock (safe; 1% risk of failure)
Press: ? - help, Shift-Dir - straight line, f - kobold
Aim: a kobold, wielding a +0 short sword and quivering stones (67% to hit)
The zap hits the kobold.
The kobold is severely wounded.
Casting: Shock (safe; 1% risk of failure)
Confirm with . or Enter, or press ? or * to list all spells.
Aiming: Shock (safe; 1% risk of failure)
Press: ? - help, Shift-Dir - straight line, f/p - kobold
Aim: a kobold, wielding a +0 short sword and quivering stones (severely wounded, 67% to hit)
The zap hits the kobold.
You kill the kobold!
An adder comes into view.
An iguana comes into view.
Things that are here:
a +0 short sword; a stone The adder hisses angrily.
The iguana hisses angrily.
You see here a ball python corpse.
A sleepcap comes into view.
Found a dark potion and a fizzy puce potion.
The iguana bites you!
The sleepcap moves out of view.
Casting: Shock (safe; 1% risk of failure)
Confirm with . or Enter, or press ? or * to list all spells.
The iguana is struck by an arc of lightning.
The iguana is moderately wounded.
You are struck by an arc of lightning.
The iguana is struck by an arc of lightning.
The iguana is heavily wounded.
The lightning grounds out.
The iguana bites you.
Casting: Static Discharge (safe; 2% risk of failure)
Confirm with . or Enter, or press ? or * to list all spells.
The iguana is struck by an arc of lightning.
The iguana is almost dead.
You are struck by an arc of lightning.
The lightning grounds out.
The iguana bites you!
* * * LOW HITPOINT WARNING * * *
Casting: Static Discharge (safe; 2% risk of failure)
Confirm with . or Enter, or press ? or * to list all spells.
The iguana is struck by an arc of lightning.
You kill the iguana!
You are struck by an arc of lightning.
* * * LOW HITPOINT WARNING * * *
The lightning grounds out.
* * * LOW HITPOINT WARNING * * *
Your Armour skill increases to level 2!
Your Spellcasting skill increases to level 5!
Casting: Static Discharge (safe; 2% risk of failure)
Confirm with . or Enter, or press ? or * to list all spells.
Aiming: Shock (safe; 1% risk of failure)
Press: ? - help, Shift-Dir - straight line, f - adder
Aim: an adder (57% to hit)
The zap misses the adder.
* * * LOW HITPOINT WARNING * * *
Casting: Shock (safe; 1% risk of failure)
Confirm with . or Enter, or press ? or * to list all spells.
The adder is struck by an arc of lightning.
The adder is moderately wounded.
You are struck by an arc of lightning.
* * * LOW HITPOINT WARNING * * *
The lightning grounds out.
* * * LOW HITPOINT WARNING * * *
The adder closely misses you.
Casting: Static Discharge (safe; 2% risk of failure)
Confirm with . or Enter, or press ? or * to list all spells.
The adder is struck by an arc of lightning.
The adder is heavily wounded.
You are struck by an arc of lightning.
* * * LOW HITPOINT WARNING * * *
The lightning grounds out.
* * * LOW HITPOINT WARNING * * *
The adder misses you. x2
Casting: Static Discharge (safe; 2% risk of failure)
Confirm with . or Enter, or press ? or * to list all spells.
Aiming: Shock (safe; 1% risk of failure)
Press: ? - help, Shift-Dir - straight line, f/p - adder
Aim: an adder (heavily wounded, 57% to hit)
The zap hits the adder.
The adder is almost dead.
* * * LOW HITPOINT WARNING * * *
The adder bites you.
You die...

#### #⌠⌠# #. ##__#
#####.### #~..#
#.......## ##''#
!#####..# #..#
#...##.#### #..###
..#.#.#(#....# #....#
....#}#@.....#######.##
!.#.#.#S#†)..#.####...##
#...##.......##.....#
.#####.....#.####.....
............#.# #..###
#.####.......#.####..# #
...##.#.##.....#.# ###.
#.#.#######..## #. #.#.#
##...##


You could see an adder.

Vanquished Creatures
  Sigmund (D:2)
  A water moccasin (D:4)
  A jelly (D:4)
  Terence (D:2)
  Jessica (D:3)
  Natasha (twice) (D:3)
  An iguana (D:4)
  An orc wizard (D:4)
  Robin (D:3)
  3 gnolls (D:3)
  An adder (D:2)
  3 worms
  3 dart slugs
  8 orcs (D:4)
  6 ball pythons
  4 bats
  4 endoplasms
  4 giant cockroaches
  16 goblins
  10 hobgoblins
  5 frilled lizards
  8 kobolds
  6 rats
91 creatures vanquished.

Vanquished Creatures (collateral kills)
  An adder (D:3)
  An endoplasm (D:3)
  A giant cockroach (D:3)
  A ball python (D:3)
4 creatures vanquished.

Grand Total: 95 creatures vanquished

Notes
Turn   | Place    | Note
-------+----------+-------------------------------------------
     0 | D:1      | RascalDebosk the Djinni Air Elementalist began the quest
                  | for the Orb.
     0 | D:1      | RascalDebosk set off with the following spells memorised:
                  | Shock, Static Discharge, Swiftness, Airstrike.
     0 | D:1      | Reached XP level 1. HP: 15/15 MP: 0/0
    94 | D:1      | Reached XP level 2. HP: 17/21 MP: 0/0
   256 | D:1      | Reached skill level 3 in Spellcasting
   677 | D:2      | Reached XP level 3. HP: 23/25 MP: 0/0
   677 | D:2      | Learned a level 1 spell: Sandblast
   895 | D:2      | Noticed Sigmund
   926 | D:2      | Killed Sigmund
   927 | D:2      | Reached skill level 4 in Spellcasting
   927 | D:2      | Reached skill level 1 in Evocations
   927 | D:2      | Reached XP level 4. HP: 11/33 MP: 0/0
   927 | D:2      | Reached XP level 5. HP: 12/38 MP: 0/0
   927 | D:2      | Learned a level 2 spell: Call Imp
   927 | D:2      | Reached XP level 6. HP: 14/43 MP: 0/0
  1171 | D:2      | Noticed Terence
  1189 | D:2      | Killed Terence
  2024 | D:3      | Noticed Natasha
  2038 | D:3      | Killed Natasha
  2245 | D:3      | Noticed Jessica
  2248 | D:3      | Killed Jessica
  2249 | D:3      | Reached skill level 1 in Armour
  2605 | D:3      | Noticed Robin
  2609 | D:3      | Killed Robin
  2610 | D:3      | Reached XP level 7. HP: 41/49 MP: 0/0
  2610 | D:3      | Learned a level 3 spell: Ozocubu's Armour
  2621 | D:3      | Noticed Natasha
  2623 | D:3      | Killed Natasha
  2836 | D:4      | Found Vofan's Antique Weapon Shoppe.
  2837 | D:4      | Noticed a water moccasin
  2845 | D:4      | Killed a water moccasin
  2957 | D:4      | Found Fyoluguq's Jewellery Shoppe.
  3230 | D:4      | Identified the +4 short sword "Sebad" {freeze, rC- Will+
                  | Str+5 Int+3}
  3311 | D:4      | Found a white marble altar of Elyvilon.
  3346 | D:4      | Reached skill level 5 in Spellcasting
  3349 | D:4      | Slain by an adder

Illustrated notes

Levels and vault maps discovered:
D:1:      dpeg_arrival_pits, layout_rooms, serial_forest,
          infiniplex_forest_straight_2, infiniplex_forest_lined_3_way,
          infiniplex_forest_corner_1, infiniplex_forest_lined_corner,
          infiniplex_forest_clump_double, infiniplex_forest_end_3, minivault_27
D:2:      layout_basic, grunt_decor_one_mirror, kennysheep_pointless_box,
          dreamdust_princess_bridge, uniq_terence, uniq_sigmund
D:3:      layout_basic, cheibrodos_sewer_entry_bend, kennysheep_big_empty_room,
          grunt_ministairs_9, minmay_misc_feat_ornament,
          kennysheep_small_spiral, grunt_decor_mini_mirrors, uniq_robin,
          uniq_jessica, uniq_natasha
D:4:      layout_loops_corners, gammafunk_temple_overflow_wave,
          nicolae_wooded_promenade, corexii_item_surrounded_by_moat,
          minmay_checkerbox

Skill      XL: |  1  2  3  4  5  6  7 |
---------------+----------------------+-----
Spellcasting   | 3 4 5 |  5.0
Fighting       | 2 3 |  3.6
Evocations     | 1 2 |  2.3
Armour         | 1 2 |  2.0
Dodging        | |  2.1
Stealth        | |  1.5

Action                     |  1- 3 |  4- 6 |  7- 9 || total
---------------------------+-------+-------+-------++-------
  Melee: Short sword       |       |       |     4 ||     4
   Cast: Shock             |    58 |    45 |    51 ||   154
         Sandblast         |     9 |     7 |     2 ||    18
         Static Discharge  |     2 |     3 |     8 ||    13
         Call Imp          |       |     2 |       ||     2
         Swiftness         |       |     1 |       ||     1
         Airstrike         |       |     1 |       ||     1
 Armour: Leather armour    |       |     6 |     1 ||     7
  Dodge: Dodged            |     6 |    17 |    10 ||    33
